 Seeded DCSS version 0.30.1-9-gdf580d7c3d (webtiles) character file.

Game seed: 920673320228942481 (custom seed)

7 Psyclone the Conjurer (level 2, 17/17 HPs)
             Began as an Octopode Conjurer on Oct 10, 2023.
             Quit the game on level 2 of the Dungeon.
             The game lasted 00:00:22 (693 turns).

Psyclone the Conjurer (Octopode Conjurer)            Turns: 693, Time: 00:00:23

Health: 17/17      AC:  1    Str:  6    XL:     2   Next: 4%
Magic:  5/5        EV: 13    Int: 20    God:
Gold:   3972       SH:  0    Dex: 10    Spells: 4/5 levels left

rFire   . . .        (no weapon)
rCold   . . .        (no shield)
rNeg    . . .        (helmet restricted)
rPois   .            (no amulet)
rElec   .            (no ring)
rCorr   .            (no ring)
SInv    .            (no ring)
Will    .....        (no ring)
Stlth   +++          (no ring)
HPRegen 0.22/turn    (no ring)
MPRegen 0.09/turn    (no ring)
                     (no ring)

%: no passive effects
@: no status effects
A: almost no armour, amphibious, 8 rings, camouflage 1, gelatinous body 1,
(nimble swimmer 1), tentacles
a: no special abilities


You were on level 2 of the Dungeon.
You visited 1 branch of the dungeon, and saw 2 of its levels.

You collected 3972 gold pieces.

Inventory:

Potions
 a - a potion of magic
 b - a potion of mutation {unknown}


   Skills:
 - Level 2.0 Dodging
 - Level 2.6 Stealth
 - Level 2.0 Spellcasting
 + Level 4.4 Conjurations


You had 4 spell levels left.
You knew the following spells:

 Your Spells              Type           Power      Damage    Failure   Level
a - Magic Dart            Conj           76%        1d6       2%          1

Your spell library contained the following spells:

 Spells                   Type           Power      Damage    Failure   Level
 Searing Ray              Conj           38%        2d5       3%          2
 Dazzling Flash           Conj/Hex       20%        N/A       19%         3
 Fulminant Prism          Conj/Hex       5%         3d7       54%         4
 Iskenderun's Mystic Bla  Conj/Tloc      10%        2d4       54%         4


Dungeon Overview and Level Annotations

Branches:
Dungeon (2/15) Zot: 11308

Altars:


Innate Abilities, Weirdness & Mutations

You cannot wear most types of armour.
You are amphibious.
You can wear up to eight rings at the same time.
Your skin changes colour to match your surroundings (Stealth+).
Your rubbery body absorbs attacks. (AC +1, EV +1)
((You are camouflaged when in or above water. (Stealth+)))
You have tentacles for arms and can constrict up to eight enemies at once.


Message History

You can't see any susceptible monsters within range! (Use Z to cast anyway.) Unknown command.
Casting: Magic Dart (safe; 2% risk of failure)
Confirm with . or Enter, or press ? or * to list all spells.
You can't see any susceptible monsters within range! (Use Z to cast anyway.)
You start waiting.
Casting: Magic Dart (safe; 2% risk of failure)
Confirm with . or Enter, or press ? or * to list all spells.
You can't see any susceptible monsters within range! (Use Z to cast anyway.) Unknown command.
Casting: Magic Dart (safe; 2% risk of failure)
Confirm with . or Enter, or press ? or * to list all spells.
You can't see any susceptible monsters within range! (Use Z to cast anyway.)
You start waiting.
Casting: Magic Dart (safe; 2% risk of failure)
Confirm with . or Enter, or press ? or * to list all spells.
You can't see any susceptible monsters within range! (Use Z to cast anyway.)
Things that are here:
a ring of wizardry; a viscous clear potion You can't go down here!
Casting: Magic Dart (safe; 2% risk of failure)
Confirm with . or Enter, or press ? or * to list all spells.
You can't see any susceptible monsters within range! (Use Z to cast anyway.) Unknown command.
Casting: Magic Dart (safe; 2% risk of failure)
Confirm with . or Enter, or press ? or * to list all spells.
You can't see any susceptible monsters within range! (Use Z to cast anyway.)
Casting: Magic Dart (safe; 2% risk of failure)
Confirm with . or Enter, or press ? or * to list all spells.
You can't see any susceptible monsters within range! (Use Z to cast anyway.)
You start waiting.
Casting: Magic Dart (safe; 2% risk of failure)
Confirm with . or Enter, or press ? or * to list all spells.
You can't see any susceptible monsters within range! (Use Z to cast anyway.) Unknown command.
You start waiting.
Done waiting.
Unknown command.
Unknown command.
Are you sure you want to abandon this character and quit the game? (Confirm with "yes".)

##..#....# #.#.#
......##.###.#.# #
##..<###.....#.##.#
##.## ###........#
#.# #####.#### #.#
##.###### #+#
#.......#
##รท.####.# #=...@#
#.###.# ####.# #.#
+....###.#
####.....#
##.#.###.#
#.......# ##..#####
#.##


There were no monsters in sight!

Vanquished Creatures
  2 dart slugs
  2 ball pythons
  A rat (D:1)
5 creatures vanquished.

Notes
Turn   | Place    | Note
-------+----------+-------------------------------------------
     0 | D:1      | Psyclone the Octopode Conjurer began the quest for the Orb.
     0 | D:1      | Reached XP level 1. HP: 11/11 MP: 3/3
   285 | D:1      | Identified 3 scrolls of acquirement
   285 | D:1      | Acquired 1312 gold pieces
   293 | D:1      | Acquired 1281 gold pieces
   308 | D:1      | Acquired 1321 gold pieces
   336 | D:2      | Reached XP level 2. HP: 17/17 MP: 0/5
   693 | D:2      | Quit the game

Illustrated notes

Levels and vault maps discovered:
D:1:      dpeg_arrival_orchard, layout_basic
D:2:      layout_loops_corners, uniq_natasha, uniq_crazy_yiuf_cottage

Action                     || total
---------------------------++-------
  Melee: Unarmed           ||     2
         Tentacles         ||     1
   Cast: Magic Dart        ||    10
    Use: Scroll            ||     3
  Dodge: Dodged            ||    11
